 Dungeon Crawl Stone Soup version 0.30.1-9-gdf580d7c3d (webtiles) character file.

Game seed: 7480369004907312872

614 Tali the Chopper (level 7, -3/55 HPs)
             Began as a Demonspawn Chaos Knight on Oct 21, 2023.
             Was a Plaything of Xom.
             Slain by Blork the entropy weaver (shapeshifter) (5 damage)
             ... on level 4 of the Dungeon.
             The game lasted 00:06:39 (3560 turns).

Tali the Chopper (Demonspawn Chaos Knight)          Turns: 3560, Time: 00:06:39

Health: -3/55      AC:  8    Str: 18    XL:     7   Next: 20%
Magic:  5/7        EV: 27    Int: 13    God:    Xom [*.....]
Gold:   164        SH:  6    Dex: 11    Spells: 6/6 levels left

rFire   + . .        a - +0 hand axe (chaos)
rCold   . . .        (no shield)
rNeg    . . .        b - +2 leather armour
rPois   .            (no helmet)
rElec   .            (no cloak)
rCorr   .            (no gloves)
SInv    .            l - +2 pair of boots
Will    .....        d - amulet of the acrobat Stlth
                     i - ring of protection from fire
HPRegen 0.29/turn    (no ring)
MPRegen 0.10/turn

%: acrobat
@: silenced, cleaving, acrobatic
A: claws 1, large bone plates 2, spiny 1, strong 1
a: Renounce Religion


You were on level 4 of the Dungeon.
You worshipped Xom.
You were a special plaything of Xom.
You visited 1 branch of the dungeon, and saw 4 of its levels.

You collected 164 gold pieces.

Inventory:

Hand Weapons
 a - a +0 hand axe of chaos (weapon)
 j - a +0 arbalest
 u - a +0 battleaxe
Armour
 b - a +2 leather armour (worn)
 l - a +2 pair of boots (worn)
Jewellery
 d - an amulet of the acrobat (around neck)
 i - a ring of protection from fire (left claw)
 x - a ring of fire
Wands
 r - a wand of mindburst (15)
 w - a wand of light (12)
Scrolls
 g - 2 scrolls of poison
 h - 3 scrolls of vulnerability
 m - a scroll of enchant weapon {unknown}
 o - a scroll of fear {unknown}
 t - a scroll of amnesia {unknown}
 v - a scroll of identify
 y - a scroll of blinking {unknown}
Potions
 e - 3 potions of ambrosia
 f - a potion of brilliance
 p - a potion of magic
 q - 2 potions of mutation
 s - a potion of flight
Miscellaneous
 c - a piece from Xom's chessboard (15/15) (quivered)


   Skills:
 + Level 4.6 Fighting
 + Level 5.1 Axes
 + Level 3.0 Armour
 + Level 2.7 Dodging
 + Level 1.7 Stealth
 + Level 1.2 Shields


You had 6 spell levels left.
You didn't know any spells.
Your spell library contained the following spells:

 Spells                   Type           Power      Damage    Failure   Level
 Scorch                   Fire           0%         2d5       50%         2
 Gell's Gravitas          Tloc           0%         N/A       73%         3
 Portal Projectile        Hex/Tloc       0%         N/A       73%         3
 Teleport Other           Tloc           0%         N/A       73%         3
 Tukima's Dance           Hex            0%         N/A       73%         3
 Vhi's Electric Charge    Tloc/Air       0%         N/A       73%         3
 Flame Wave               Conj/Fire      0%         2d4       98%         4
 Arcjolt                  Conj/Air       0%         1d10      100%        5
 Blade Hands              Tmut           0%         N/A       100%        5
 Dispersal                Tloc           0%         N/A       100%        6
 Summon Cactus Giant      Summ           0%         N/A       100%        6
 Maxwell's Capacitive Co  Air            0%         ∞         100%        8


Dungeon Overview and Level Annotations

Branches:
Dungeon (4/15)
 Temple: D:4-7

Altars:
Ashenzari
Cheibriados
Dithmenos
Fedhas
Gozag
Nemelex Xobeh
Okawaru
Ru
Sif Muna
Uskayaw

Shops:
D:1 (

Annotations:
D:4 Blork the orc


Innate Abilities, Weirdness & Mutations

You have sharp fingernails.
You are mostly covered in large bone plates. (SH +6)
You are partially covered in sharp spines.
Your muscles are strong. (Str +4, Int/Dex -1)


Message History

The hound is moderately wounded.
The hound is struck by your spines. The hound bites you.
* * * LOW HITPOINT WARNING * * *
The hound bites you but does no damage.
Magic scrolls do not work when you're silenced!
You hit the hound.
The hound is severely wounded.
You hit the lindwurm but do no damage. The hound is struck by your spines.
You kill the hound!
The lindwurm bites you.
* * * LOW HITPOINT WARNING * * *
The lindwurm claws you.
You die... "Hey, that's my plaything!"
Xom revives you!
The lindwurm claws you but does no damage.
You feel better.
The lindwurm changes into an elephant!
Blork the orc comes into view.
He is wielding a +1 mace of venom.
The elephant changes into a torpor snail!
There is an open door here.
The torpor snail changes into a glowing shapeshifter! "This might be better!"
Blork the orc changes into a shapeshifter!
Blork the shapeshifter changes into an entropy weaver!
The glowing shapeshifter changes into a death drake!
The death drake changes into a torpor snail!
The torpor snail changes into a manticore!
The manticore changes into a snapping turtle!
You block Blork's attack. Blork completely misses you. x2
Blork hits you but does no damage. Blork misses you. You block Blork's attack.
Blork closely misses you. Blork hits you!
* * * LOW HITPOINT WARNING * * *
Xom smiles on you.
Your +0 hand axe of chaos looks sharp (like it always does).
You see here 9 gold pieces.
Blork gestures.
Blork attacks as you move away! Blork misses you.
Blork hits you but does no damage. Blork barely misses you. Blork hits you.
You die...
Xom chortles!

#########
#..@B...#
#<......#
#.......#
#.....
#.......######
#.....
#............#
#.....
#...)...####.#
####.....
######'##
#....... #.#
#....# #t#


You could see Blork the entropy weaver shaped shifter.

Vanquished Creatures
  An orc warrior (D:4)
  A phantom (D:4)
  An orc priest (D:3)
  A hound (D:4)
  Jessica (D:2)
  An iguana (D:4)
  3 orc wizards
  3 gnolls
  5 adders
  A white imp (D:4)
  A worm (D:2)
  3 dart slugs (D:2)
  9 orcs
  6 bats
  6 endoplasms
  2 giant cockroaches
  9 hobgoblins
  9 jackals
  2 kobolds
  A quokka (D:1)
  A ball python (D:4)
  5 goblins
  4 rats (D:2)
76 creatures vanquished.

Vanquished Creatures (collateral kills)
  An orc warrior (D:3)
  An endoplasm (D:2)
2 creatures vanquished.

Grand Total: 78 creatures vanquished

Notes
Turn   | Place    | Note
-------+----------+-------------------------------------------
     0 | D:1      | Tali the Demonspawn Chaos Knight began the quest for the
                  | Orb.
     0 | D:1      | Reached XP level 1. HP: 18/18 MP: 1/1
    71 | D:1      | Found a faded altar of an unknown god.
   207 | D:1      | Found Ziad's Antique Weapon Shop.
   295 | D:1      | XOM: divination: detect items
   431 | D:1      | XOM: cleaving
   438 | D:1      | Reached skill level 3 in Axes
   440 | D:1      | Gained mutation: You are partially covered in large bone
                  | plates. (SH +4) [demonic ancestry]
   440 | D:1      | Reached XP level 2. HP: 24/24 MP: 2/2
   846 | D:2      | Reached skill level 1 in Dodging
   859 | D:2      | XOM: swap monsters
   862 | D:2      | XOM: summons friendly white imp
   906 | D:2      | XOM: divination: detect creatures
   910 | D:2      | XOM: polymorph white imp -> shadow imp
   913 | D:2      | Noticed Jessica
   918 | D:2      | Killed Jessica
   919 | D:2      | Reached XP level 3. HP: 26/30 MP: 3/3
   990 | D:2      | XOM: 3-stop teleportation journey
  1052 | D:2      | XOM: cloud trail
  1190 | D:2      | XOM: 1-stop teleportation journey
  1395 | D:2      | XOM: potion effect (brilliance)
  1403 | D:2      | Gained mutation: You have sharp fingernails. [demonic
                  | ancestry]
  1403 | D:2      | Reached XP level 4. HP: 29/37 MP: 4/4
  1850 | D:3      | Found a sacrificial altar of Ru.
  1857 | D:3      | Found an iron altar of Okawaru.
  1894 | D:3      | Reached XP level 5. HP: 30/32 MP: 5/5
  1905 | D:3      | Found a snail-covered altar of Cheibriados.
  1997 | D:3      | XOM: enchant monster (good)
  2051 | D:2      | Reached skill level 4 in Axes
  2229 | D:4      | Noticed an orc warrior
  2247 | D:3      | Killed an orc warrior
  2248 | D:3      | Gained mutation: You are mostly covered in large bone
                  | plates. (SH +6) [demonic ancestry]
  2248 | D:3      | Reached XP level 6. HP: 27/48 MP: 6/6
  2328 | D:4      | XOM: scenery: summon butterflies
  2491 | D:4      | Reached skill level 1 in Stealth
  2618 | D:4      | Found a sparkling altar of Nemelex Xobeh.
  2619 | D:4      | Found a shadowy altar of Dithmenos.
  2623 | D:4      | Found a broken altar of Ashenzari.
  2624 | D:4      | Found a blossoming altar of Fedhas.
  2628 | D:4      | Found a hide-covered altar of Uskayaw.
  2628 | D:4      | Found an opulent altar of Gozag.
  2629 | D:4      | Found a shimmering blue altar of Sif Muna.
  2664 | D:4      | XOM: 2-stop teleportation journey
  2784 | D:4      | XOM: smoke on damage
  2885 | D:4      | Noticed an orc warrior
  2906 | D:4      | XOM: enchant monster (good)
  2907 | D:4      | Killed an orc warrior
  2908 | D:4      | Reached skill level 5 in Axes
  2908 | D:4      | Reached skill level 1 in Shields
  2908 | D:4      | Gained mutation: You are partially covered in sharp spines.
                  | [demonic ancestry]
  2908 | D:4      | Reached XP level 7. HP: 22/55 MP: 7/7
  3189 | D:4      | XOM: polymorph orc -> jackal
  3190 | D:4      | XOM: give mutation
  3190 | D:4      | Gained mutation: Your muscles are strong. (Str +4, Int/Dex
                  | -1) [Xom's mischief]
  3514 | D:4      | a quokka changed into a glowing shapeshifter
  3514 | D:4      | Noticed a glowing shapeshifter (glowing shapeshifter)
  3514 | D:4      | a glowing shapeshifter changed into a shining eye
  3514 | D:4      | Noticed a shining eye (glowing shapeshifter)
  3515 | D:4      | a shining eye changed into a skyshark
  3515 | D:4      | Noticed a skyshark (glowing shapeshifter)
  3519 | D:4      | a skyshark changed into a moth of wrath
  3519 | D:4      | Noticed a moth of wrath (glowing shapeshifter)
  3521 | D:4      | a moth of wrath changed into a fire crab
  3521 | D:4      | Noticed a fire crab (glowing shapeshifter)
  3522 | D:4      | a fire crab changed into a wind drake
  3522 | D:4      | Noticed a wind drake (glowing shapeshifter)
  3526 | D:4      | a wind drake changed into an entropy weaver
  3526 | D:4      | Noticed an entropy weaver (glowing shapeshifter)
  3527 | D:4      | an entropy weaver changed into a hornet
  3527 | D:4      | Noticed a hornet (glowing shapeshifter)
  3528 | D:4      | a hornet changed into a mana viper
  3528 | D:4      | Noticed a mana viper (glowing shapeshifter)
  3531 | D:4      | a mana viper changed into a faun
  3531 | D:4      | Noticed a faun (glowing shapeshifter)
  3538 | D:4      | a faun changed into a glowing orange brain
  3538 | D:4      | Noticed a glowing orange brain (glowing shapeshifter)
  3540 | D:4      | XOM: swap monsters
  3540 | D:4      | a glowing orange brain changed into a swamp worm
  3543 | D:4      | a swamp worm changed into a lindwurm
  3543 | D:4      | Noticed a lindwurm (glowing shapeshifter)
  3548 | D:4      | HP: 1/55 [lindwurm (glowing shapeshifter) (6)]
  3548 | D:4      | Xom revived you
  3549 | D:4      | a lindwurm changed into an elephant
  3549 | D:4      | Noticed an elephant (glowing shapeshifter)
  3550 | D:4      | Noticed Blork the orc
  3550 | D:4      | an elephant changed into a torpor snail
  3550 | D:4      | Noticed a torpor snail (glowing shapeshifter)
  3551 | D:4      | a torpor snail changed into a glowing shapeshifter
  3551 | D:4      | Noticed a glowing shapeshifter (glowing shapeshifter)
  3552 | D:4      | Blork the orc changed into Blork the shapeshifter
  3552 | D:4      | Noticed Blork (shapeshifter)
  3552 | D:4      | XOM: polymorph Blork the orc -> Blork the shapeshifter
  3552 | D:4      | Blork the shapeshifter changed into Blork the entropy
                  | weaver
  3552 | D:4      | Noticed Blork (shapeshifter)
  3552 | D:4      | a glowing shapeshifter changed into a death drake
  3552 | D:4      | Noticed a death drake (glowing shapeshifter)
  3553 | D:4      | a death drake changed into a torpor snail
  3553 | D:4      | Noticed a torpor snail (glowing shapeshifter)
  3554 | D:4      | a torpor snail changed into a manticore
  3554 | D:4      | Noticed a manticore (glowing shapeshifter)
  3555 | D:4      | a manticore changed into a snapping turtle
  3555 | D:4      | Noticed a snapping turtle (glowing shapeshifter)
  3557 | D:4      | HP: 1/55 [Blork the entropy weaver (shapeshifter) (12)]
  3558 | D:4      | XOM: cleaving
  3560 | D:4      | Slain by Blork the entropy weaver (shapeshifter)

Illustrated notes

Levels and vault maps discovered:
D:1:      dpeg_arrival_radiant, layout_loops_corners, serial_shops, shop,
          hellmonk_ecumenical_altar_run_dry, hex_tiny
D:2:      layout_loops_ring, uniq_jessica
D:3:      layout_rooms, mainiacjoe_overflow_concentric_impassable, minitemple
D:4:      minmay_opposing_rooms, layout_basic, grunt_temple_overflow_open,
          uniq_blork_the_orc, uniq_pargi

Skill      XL: |  1  2  3  4  5  6 |
---------------+-------------------+-----
Axes           | 3 4 5 |  5.1
Dodging        | 1 2 |  2.7
Armour         | 2 3 |  3.0
Fighting       | 4 |  4.6
Stealth        | 1 |  1.7
Shields        | 1 |  1.2

Action                     |  1- 3 |  4- 6 |  7- 9 || total
---------------------------+-------+-------+-------++-------
  Melee: Hand axe          |    78 |   157 |    32 ||   267
         Punch             |       |     1 |     1 ||     2
    Use: Scroll            |       |    10 |     1 ||    11
         Potion            |       |     2 |     2 ||     4
   Stab: Petrified         |       |     4 |       ||     4
 Armour: Leather armour    |    21 |    71 |     9 ||   101
  Dodge: Dodged            |    48 |   112 |    23 ||   183
  Block: Other             |     4 |    42 |    10 ||    56
